Unix NetHack Version 5.0.0-0 post-release - last build Jul 14 2026 02:55:29 (1809b74e8187c3a3585e283601c3028b46cbbdcb,branch:main).

Game began 2026-07-14 21:44:23, ended 2026-07-14 21:48:50.

Jinnora, neutral female human Wizard

                                        --.
                                        |...
                                       --....
                                       |.....-
                                  ---  --.....
                                  |.-- --.....
                                  |..| |.....
                                  |..----...
                                   --<[|.x@f
                                    --....%e
                                     --..[..
                                      ----..

Jinnora the Conjurer      St:13 Dx:12 Co:14 In:18 Wi:9 Ch:10  Neutral
Dlvl:3  $:13 HP:0(29) Pw:23(33) AC:9  Xp:4/103 T:676 

Latest messages:
 The grid bug bites!
 You avoid harm.
 The grid bug bites!
 You get zapped!
 The grid bug bites!
 You get zapped!
 The grid bug bites!
 You get zapped!
 The grid bug bites!
 You get zapped!
 The grid bug bites!
 You get zapped!
 The grid bug bites!
 You get zapped!
 The grid bug bites!
 You get zapped!
 The grid bug bites!
 You avoid harm.
 The grid bug bites!
 You get zapped!
 The grid bug bites!
 You get zapped!
 The grid bug bites!
 You get zapped!
 The grid bug bites!
 You get zapped!
 The grid bug bites!
 You avoid harm.
 The grid bug bites!
 You get zapped!
 The grid bug bites!
 You get zapped!
 The grid bug bites!
 You avoid harm.
 The grid bug bites!
 You get zapped!
 The grid bug bites!
 You avoid harm.
 The grid bug bites!
 You get zapped!
 The grid bug bites!
 You get zapped!
 The grid bug bites!
 You get zapped!
 The grid bug bites!
 You get zapped!
 The grid bug bites!
 You get zapped!
 You die...
 Do you want your possessions identified? [ynq] (y) q

Inventory:
 Coins    ('$')
  $ - 13 gold pieces
 Weapons  (')')
  a - a blessed +1 quarterstaff (weapon in hands)
 Armor    ('[')
  t - a blessed +0 cloak of invisibility
  b - a blessed +0 cloak of magic resistance (being worn)
 Comestibles  ('%')
  u - an uncursed food ration
  x - 2 uncursed tripe rations
  p - an uncursed lichen corpse
 Scrolls  ('?')
  k - an uncursed scroll of confuse monster
  o - an uncursed scroll of create monster
  q - a cursed scroll of enchant armor
  r - a cursed scroll of fire
  w - a cursed scroll of gold detection
  j - an uncursed scroll of identify
  i - an uncursed scroll of magic mapping
  z - a cursed scroll of teleportation
 Spellbooks  ('+')
  l - a blessed spellbook of force bolt
  m - an uncursed spellbook of healing
 Potions  ('!')
  g - 2 uncursed potions of extra healing
  f - an uncursed potion of see invisible
  h - a blessed potion of sickness
  v - an uncursed potion of sickness
 Rings    ('=')
  d - an uncursed ring of free action
  e - an uncursed ring of teleportation
 Wands    ('/')
  c - an uncursed wand of lightning (0:8)
  A - an uncursed wand of lightning (0:4)
  s - an uncursed wand of secret door detection (0:14)
 Tools    ('(')
  n - an uncursed magic marker (0:22)
  B - an uncursed +0 pick-axe
 Gems/Stones  ('*')
  y - 2 uncursed worthless pieces of black glass
  D - an uncursed worthless piece of white glass
  C - an uncursed worthless piece of yellow glass

Jinnora the Wizard's attributes:

Background:
 You were a Conjurer, a level 4 female human Wizard.
 You were neutral, on a mission for Thoth
 who was opposed by Ptah (lawful) and Anhur (chaotic).
 You were right-handed.
 You were in the Gnomish Mines, on level 3.
 You entered the dungeon 676 turns ago.
 There was a new moon in effect when your adventure ended.
 You had 103 experience points, 57 more were needed to attain level 5.

Basics:
 You had 0 out of 29 hit points.
 You had 23 out of 33 energy points (spell power).
 Your armor class was 9.
 Your wallet contained 13 zorkmids.
 Autopickup was off.

Final Characteristics:
 Your strength was 13 (limit:18/100).
 Your dexterity was 12 (limit:18).
 Your constitution was 14 (limit:18).
 Your intelligence was 18 (limit:18).
 Your wisdom was 9 (limit:18).
 Your charisma was 10 (limit:18).

Final Status:
 You weren't hungry.
 You were unencumbered.
 You were wielding a quarterstaff.
 You had basic skill with quarterstaff.

Final Attributes:
 You were fervently aligned.
 You were magic-protected.
 You were warded.
 You are dead.

Miscellaneous:
 You didn't encounter any bones levels.
 Total elapsed playing time was 4 minutes and 26 seconds.

Major events:
 Turn
    1: Jinnora the neutral female human Wizard entered the dungeon
  414: entered the Gnomish Mines
  418: attained the rank of Conjurer (level 3)
  676: killed by a grid bug, while frozen by a floating eye's gaze

Spells:
 Name                 Level Category     Fail Retention
 force bolt             1   attack         0%  91%-100%
 healing                1   healing        0%  76%-100%

Skills:
 Fighting Skills
   bare handed combat [Unskilled]
   riding             [Unskilled]
 Weapon Skills
   dagger             [Unskilled]
   knife              [Unskilled]
   axe                [Unskilled]
   short sword        [Unskilled]
   club               [Unskilled]
   mace               [Unskilled]
   quarterstaff       [Basic]
   polearms           [Unskilled]
   spear              [Unskilled]
   trident            [Unskilled]
   sling              [Unskilled]
   dart               [Unskilled]
   shuriken           [Unskilled]
 Spellcasting Skills
   attack spells      [Basic]
   healing spells     [Unskilled]
   divination spells  [Unskilled]
   enchantment spells [Basic]
   clerical spells    [Unskilled]
   escape spells      [Unskilled]
   matter spells      [Unskilled]

Voluntary challenges:
 Character rerolling was not enabled.
 You went without food.
 You were an atheist.
 You never genocided any monsters.
 You never polymorphed an object.
 You never changed form.
 You used no wishes.
Achievements:
 You entered the Gnomish Mines.
 You attained the rank of Conjurer.

 The Dungeons of Doom: levels 1 to 3
    Level 1:
       A fountain.
    Level 2:
       Stairs down to The Gnomish Mines.
    Level 3:
 The Gnomish Mines:
    Level 3: <- You were here.
       Final resting place for
          you, killed by a grid bug, while frozen by a floating eye's gaze.


Vanquished creatures:
  a gnome leader
  2 dwarves
  a coyote
  a giant rat
  7 gnomes
  3 foxes
  a goblin
  a sewer rat
  2 grid bugs
  4 lichens
  a kobold zombie
  3 newts
27 creatures vanquished.

No species were genocided or became extinct.

Game over:
                       ----------
                      /          \
                     /    REST    \
                    /      IN      \
                   /     PEACE      \
                  /                  \
                  |     Jinnora      |
                  |      13 Au       |
                  | killed by a grid |
                  |       bug        |
                  |                  |
                  |                  |
                  |       2026       |
                 *|     *  *  *      | *
        _________)/\\_//(\/(/\)/\//\/|_)_______

Goodbye Jinnora the Wizard...

You died in The Gnomish Mines on dungeon level 3 with 534 points,
and 13 pieces of gold, after 676 moves.
You were level 4 with a maximum of 29 hit points when you died.

